TOP OF THE 1ST |
Syracuse Chiefs batting - Pitching for New Orleans Zephyrs : LHP Jeff Tavella
|
Pitching: LHP Jeff Tavella
|
|
Batting: RHB Rafael Medina
|
0-0: Ball 1-0: Ground out 4-3 (Groundball, 4, EV 87.5 MPH)
|
Batting: RHB Kevin Whitenack
|
0-0: Foul Ball, location: 2F 0-1: Fly out, F8 (Flyball, 8RD, EV 100.0 MPH)
|
Batting: RHB Jim Miske
|
0-0: Ball 1-0: Ground out 5-3 (Groundball, 5, EV 87.5 MPH)
|
Top of the 1st over - 0 runs, 0 hits, 0 errors, 0 left on base; Syracuse 0 - New Orleans 0 |
BOTTOM OF THE 1ST |
New Orleans Zephyrs batting - Pitching for Syracuse Chiefs : RHP Dan Johnson
|
Pitching: RHP Dan Johnson
|
|
Batting: LHB David Doge
|
0-0: Ball 1-0: Called Strike 1-1: Called Strike 1-2: Ground out 4-3 (Groundball, 4, EV 81.9 MPH)
|
Batting: RHB Rick Fell
|
0-0: Foul Ball, location: 2F 0-1: Foul Ball, location: 2F 0-2: Ball 1-2: Foul Ball, location: 2F 1-2: Ball 2-2: Foul Ball, location: 2F 2-2: Ball 3-2: Ground out 6-3 (Groundball, 6, EV 88.8 MPH)
|
Batting: RHB Manuel Taveras
|
0-0: Foul Ball, location: 2F 0-1: Ground out U3 (Groundball, 3, EV 87.5 MPH)
|
Bottom of the 1st over - 0 runs, 0 hits, 0 errors, 0 left on base; Syracuse 0 - New Orleans 0 |
TOP OF THE 2ND |
Syracuse Chiefs batting - Pitching for New Orleans Zephyrs : LHP Jeff Tavella
|
Batting: LHB Alexis Cantu
|
0-0: Ball 1-0: Ball 2-0: Ball 3-0: Called Strike 3-1: Called Strike 3-2: Foul Ball, location: 2F 3-2: Strikes out swinging
|
Batting: RHB Gabe Almazan
|
0-0: Swinging Strike 0-1: Ball 1-1: Ground out 6-3 (Groundball, 6, EV 105.6 MPH)
|
Batting: LHB Tom Reynolds
|
0-0: Called Strike 0-1: Ball 1-1: Ball 2-1: Ground out U3 (Groundball, 34, EV 83.8 MPH)
|
Top of the 2nd over - 0 runs, 0 hits, 0 errors, 0 left on base; Syracuse 0 - New Orleans 0 |
BOTTOM OF THE 2ND |
New Orleans Zephyrs batting - Pitching for Syracuse Chiefs : RHP Dan Johnson
|
Batting: RHB Adam McGurn
|
0-0: Ball 1-0: Ball 2-0: Ball 3-0: Called Strike 3-1: Base on Balls
|
Batting: LHB Eric Bailey
|
0-0: Ball 1-0: Called Strike 1-1: Foul Ball, location: 2F 1-2: Foul Ball, location: 2F 1-2: DOUBLE (Line Drive, 89XD, EV 106.2 MPH) Adam McGurn to third
|
Batting: RHB Jack Power
|
0-0: Ball 1-0: Ground out 4-3 (Groundball, 4M, EV 90.0 MPH) Adam McGurn scores Eric Bailey to third
|
Batting: RHB Torquato Obawole
|
0-0: Swinging Strike 0-1: Called Strike 0-2: Ball 1-2: Strikes out looking
|
Batting: RHB Masumitsu Sugiura
|
0-0: Called Strike 0-1: Foul Ball, location: 2F 0-2: Ball 1-2: SINGLE (Line Drive, 34D, EV 108.1 MPH) Eric Bailey scores
|
Batting: RHB John Jackson
|
0-0: SINGLE (Flyball, 56D, EV 90.0 MPH) Masumitsu Sugiura to second
|
Batting: LHB David Doge
|
0-0: Ball 1-0: Ground out 4-3 (Groundball, 4M, EV 101.2 MPH)
|
Bottom of the 2nd over - 2 runs, 3 hits, 0 errors, 2 left on base; Syracuse 0 - New Orleans 2 |
TOP OF THE 3RD |
Syracuse Chiefs batting - Pitching for New Orleans Zephyrs : LHP Jeff Tavella
|
Batting: LHB Pat Aviles
|
0-0: SINGLE (Line Drive, 56D, EV 103.1 MPH)
|
Batting: LHB Doug Anderson
|
0-0: Ball 1-0: Called Strike 1-1: Ball 2-1: Grounds out, U3 (Groundball, 3L, EV 105.6 MPH)
|
Batting: RHB Ryan Hiemer
|
0-0: Ball 1-0: Ball 2-0: Foul Ball, location: 2F 2-1: Ball 3-1: Called Strike 3-2: Base on Balls
|
Batting: RHB Rafael Medina
|
0-0: Fielders Choice at 2nd, 5-4 (Groundball, 25, EV 78.1 MPH) Pat Aviles to third
|
Batting: RHB Kevin Whitenack
|
0-0: Called Strike 0-1: Ball 1-1: Ball 2-1: Ball 3-1: Foul Ball, location: 2F 3-2: SINGLE (Groundball, 56D, EV 113.1 MPH) Pat Aviles scores Rafael Medina to second Rafael Medina to third
|
Batting: RHB Jim Miske
|
0-0: Called Strike 0-1: Swinging Strike 0-2: Ball 1-2: Fielders Choice at 2nd, 5-4 (Groundball, 56, EV 83.8 MPH)
|
Top of the 3rd over - 1 run, 2 hits, 0 errors, 2 left on base; Syracuse 1 - New Orleans 2 |
BOTTOM OF THE 3RD |
New Orleans Zephyrs batting - Pitching for Syracuse Chiefs : RHP Dan Johnson
|
Batting: RHB Rick Fell
|
0-0: Swinging Strike 0-1: Ball 1-1: Foul Ball, location: 2F 1-2: Foul Ball, location: 2F 1-2: Ball 2-2: Ground out 6-3 (Groundball, 6, EV 99.4 MPH)
|
Batting: RHB Manuel Taveras
|
0-0: Ball 1-0: Swinging Strike 1-1: Foul Ball, location: 2F 1-2: Ball 2-2: Ball 3-2: Foul Ball, location: 2F 3-2: Strikes out looking
|
Batting: RHB Adam McGurn
|
0-0: Foul Ball, location: 2F 0-1: Hit by Pitch
|
Batting: LHB Eric Bailey
|
0-0: Called Strike 0-1: Ball 1-1: Foul Ball, location: 2F 1-2: Ball Adam McGurn steals 2nd base (no throw) 2-2: Foul Ball, location: 2F 2-2: Ball 3-2: SINGLE (Line Drive, 78S, EV 88.8 MPH) Adam McGurn to third Runner from 3rd tries for Home, throw by CF and OUT! 8-2
|
Bottom of the 3rd over - 0 runs, 1 hit, 0 errors, 1 left on base; Syracuse 1 - New Orleans 2 |
TOP OF THE 4TH |
Syracuse Chiefs batting - Pitching for New Orleans Zephyrs : LHP Jeff Tavella
|
Batting: LHB Alexis Cantu
|
0-0: Ball 1-0: Ball 2-0: Ball 3-0: Called Strike 3-1: Base on Balls
|
Batting: RHB Gabe Almazan
|
0-0: Swinging Strike 0-1: Swinging Strike 0-2: Ball 1-2: Strikes out swinging
|
Batting: LHB Tom Reynolds
|
0-0: DOUBLE (Flyball, 78D, EV 106.2 MPH) Alexis Cantu to third Runner from 3rd tries for Home, throw by LF and OUT! 7-6-2
|
Batting: LHB Pat Aviles
|
0-0: Called Strike 0-1: Foul Ball, location: 2F 0-2: Ball 1-2: Ball 2-2: Foul Ball, location: 2F 2-2: Foul Ball, location: 2F 2-2: Ground out 4-3 (Groundball, 4M, EV 85.0 MPH)
|
Top of the 4th over - 0 runs, 1 hit, 0 errors, 1 left on base; Syracuse 1 - New Orleans 2 |
BOTTOM OF THE 4TH |
New Orleans Zephyrs batting - Pitching for Syracuse Chiefs : RHP Dan Johnson
|
Batting: RHB Jack Power
|
0-0: Ground out U3 (Groundball, 34S, EV 70.0 MPH)
|
Batting: RHB Torquato Obawole
|
0-0: Ball 1-0: Ball 2-0: Ball 3-0: Called Strike 3-1: Base on Balls
|
Batting: RHB Masumitsu Sugiura
|
0-0: Swinging Strike 0-1: Called Strike 0-2: Foul Ball, location: 2F 0-2: Ball 1-2: Fielders Choice at 2nd, 3-6 (Groundball, 3, EV 89.4 MPH)
|
Batting: RHB John Jackson
|
0-0: Fielders Choice at 2nd, 5-4 (Groundball, 56, EV 89.4 MPH)
|
Bottom of the 4th over - 0 runs, 0 hits, 0 errors, 1 left on base; Syracuse 1 - New Orleans 2 |
TOP OF THE 5TH |
Syracuse Chiefs batting - Pitching for New Orleans Zephyrs : LHP Jeff Tavella
|
Batting: LHB Doug Anderson
|
0-0: Ball 1-0: Ground out U3 (Groundball, 3, EV 80.0 MPH)
|
Batting: RHB Ryan Hiemer
|
0-0: Foul Ball, location: 2F 0-1: Foul Ball, location: 2F 0-2: Strikes out swinging
|
Batting: RHB Rafael Medina
|
0-0: Fly out, F9 (Flyball, 9LSF, EV 90.0 MPH)
|
Top of the 5th over - 0 runs, 0 hits, 0 errors, 0 left on base; Syracuse 1 - New Orleans 2 |
BOTTOM OF THE 5TH |
New Orleans Zephyrs batting - Pitching for Syracuse Chiefs : RHP Dan Johnson
|
Batting: LHB David Doge
|
0-0: Ball 1-0: Ball 2-0: Foul Ball, location: 2F 2-1: DOUBLE (Groundball, 3L, EV 106.9 MPH)
|
Batting: RHB Rick Fell
|
0-0: Swinging Strike 0-1: Ball 1-1: Ball 2-1: Ball 3-1: Base on Balls
|
Batting: RHB Manuel Taveras
|
0-0: Grounds into double play, 6-4-3 (Groundball, 6, EV 82.5 MPH) David Doge to third
|
Batting: RHB Adam McGurn
|
0-0: Ball 1-0: Foul Ball, location: 2F 1-1: Foul Ball, location: 2F 1-2: Fly out, F9 (Flyball, 89M, EV 93.1 MPH)
|
Bottom of the 5th over - 0 runs, 1 hit, 0 errors, 1 left on base; Syracuse 1 - New Orleans 2 |
TOP OF THE 6TH |
Syracuse Chiefs batting - Pitching for New Orleans Zephyrs : LHP Jeff Tavella
|
Batting: RHB Kevin Whitenack
|
0-0: Called Strike 0-1: Fly out, F8 (Flyball, 78D, EV 94.4 MPH)
|
Batting: RHB Jim Miske
|
0-0: Foul Ball, location: 2F 0-1: Swinging Strike 0-2: Strikes out swinging
|
Batting: LHB Alexis Cantu
|
0-0: Called Strike 0-1: Ball 1-1: Ball 2-1: Ground out 2-3 (Groundball, 2L, EV 66.2 MPH)
|
Top of the 6th over - 0 runs, 0 hits, 0 errors, 0 left on base; Syracuse 1 - New Orleans 2 |
BOTTOM OF THE 6TH |
New Orleans Zephyrs batting - Pitching for Syracuse Chiefs : RHP Dan Johnson
|
Pitching: LHP Jose Torres
|
|
Batting: LHB Eric Bailey
|
0-0: Ball 1-0: Swinging Strike 1-1: Ground out 5-3 (Groundball, 56, EV 81.2 MPH)
|
Batting: RHB Jack Power
|
0-0: Ball 1-0: SINGLE (Groundball, 34D, EV 98.1 MPH)
|
Batting: RHB Torquato Obawole
|
0-0: Ball 1-0: Ball 2-0: Called Strike 2-1: Ground out 4-3 (Groundball, 34, EV 90.0 MPH) Jack Power to second
|
Batting: RHB Masumitsu Sugiura
|
0-0: Called Strike 0-1: Called Strike 0-2: Strikes out looking
|
Bottom of the 6th over - 0 runs, 1 hit, 0 errors, 1 left on base; Syracuse 1 - New Orleans 2 |
TOP OF THE 7TH |
Syracuse Chiefs batting - Pitching for New Orleans Zephyrs : LHP Jeff Tavella
|
Batting: RHB Gabe Almazan
|
0-0: Ball 1-0: Ground out 6-3 (Groundball, 6, EV 78.8 MPH)
|
Batting: LHB Tom Reynolds
|
0-0: Swinging Strike 0-1: Ball 1-1: Fly out, F8 (Flyball, 8LM, EV 87.5 MPH)
|
Batting: LHB Pat Aviles
|
0-0: Called Strike 0-1: Fly out, F7 (Flyball, 7, EV 98.1 MPH)
|
Top of the 7th over - 0 runs, 0 hits, 0 errors, 0 left on base; Syracuse 1 - New Orleans 2 |
BOTTOM OF THE 7TH |
New Orleans Zephyrs batting - Pitching for Syracuse Chiefs : LHP Jose Torres
|
Batting: RHB John Jackson
|
0-0: Ground out U3 (Groundball, 3, EV 80.0 MPH)
|
Batting: LHB David Doge
|
0-0: Called Strike 0-1: Ground out 6-3 (Groundball, 6M, EV 97.5 MPH)
|
Batting: RHB Rick Fell
|
0-0: Called Strike 0-1: Swinging Strike 0-2: Strikes out swinging
|
Bottom of the 7th over - 0 runs, 0 hits, 0 errors, 0 left on base; Syracuse 1 - New Orleans 2 |
TOP OF THE 8TH |
Syracuse Chiefs batting - Pitching for New Orleans Zephyrs : LHP Jeff Tavella
|
Batting: LHB Doug Anderson
|
0-0: Called Strike 0-1: Ground out U3 (Groundball, 3, EV 85.0 MPH)
|
Batting: RHB Ryan Hiemer
|
0-0: Swinging Strike 0-1: Ball 1-1: Ball 2-1: SINGLE (Groundball, 6M, EV 106.9 MPH) (infield hit)
|
Batting: RHB Rafael Medina
|
0-0: Ball 1-0: Foul Ball, location: 2F 1-1: Swinging Strike 1-2: Strikes out swinging
|
Batting: RHB Kevin Whitenack
|
0-0: Called Strike 0-1: Ground out 6-3 (Groundball, 56, EV 86.2 MPH)
|
Top of the 8th over - 0 runs, 1 hit, 0 errors, 1 left on base; Syracuse 1 - New Orleans 2 |
BOTTOM OF THE 8TH |
New Orleans Zephyrs batting - Pitching for Syracuse Chiefs : LHP Jose Torres
|
Batting: RHB Manuel Taveras
|
0-0: Ball 1-0: Ball 2-0: Called Strike 2-1: Ball 3-1: Foul Ball, location: 2F 3-2: Base on Balls
|
Batting: RHB Adam McGurn
|
0-0: Ball 1-0: Ball 2-0: Ball 3-0: Base on Balls Manuel Taveras to second
|
Batting: LHB Eric Bailey
|
0-0: Ball 1-0: Ball 2-0: Ball 3-0: Base on Balls Manuel Taveras to third Adam McGurn to second
|
Batting: RHB Jack Power
|
0-0: Called Strike 0-1: Ball 1-1: Ball Wild Pitch! Manuel Taveras scores Adam McGurn to third Eric Bailey to second 2-1: Called Strike 2-2: Ball 3-2: Strikes out looking
|
Batting: RHB Torquato Obawole
|
0-0: Foul Ball, location: 2F 0-1: Called Strike 0-2: Strikes out looking
|
Batting: RHB Masumitsu Sugiura
|
0-0: Ball 1-0: Foul Ball, location: 2F 1-1: Ball 2-1: Foul Ball, location: 2F 2-2: Ball 3-2: Base on Balls
|
Batting: RHB John Jackson
|
0-0: Called Strike 0-1: Called Strike 0-2: Strikes out looking
|
Bottom of the 8th over - 1 run, 0 hits, 0 errors, 3 left on base; Syracuse 1 - New Orleans 3 |
TOP OF THE 9TH |
Syracuse Chiefs batting - Pitching for New Orleans Zephyrs : LHP Jeff Tavella
|
Pitching: RHP J.P. Wilson
|
|
Batting: RHB Jim Miske
|
0-0: SINGLE (Groundball, 56, EV 106.2 MPH)
|
Batting: LHB Alexis Cantu
|
0-0: Ball 1-0: Ball 2-0: Called Strike 2-1: Foul Ball, location: 2F 2-2: Ball 3-2: Foul Ball, location: 2F 3-2: Base on Balls Jim Miske to second
|
Pinch Hitting: LHB Kyung-jin Cho
|
0-0: Ball 1-0: Foul Ball, location: 2F 1-1: Foul Ball, location: 2F 1-2: Foul Ball, location: 2F 1-2: Strikes out swinging
|
Batting: LHB Tom Reynolds
|
0-0: Swinging Strike 0-1: Foul Ball, location: 2F 0-2: Strikes out swinging
|
Batting: LHB Pat Aviles
|
0-0: Ball Wild Pitch! Jim Miske to third Alexis Cantu to second 1-0: Foul Ball, location: 2F 1-1: Foul Ball, location: 2F 1-2: Foul Ball, location: 2F 1-2: Ball 2-2: Foul Ball, location: 2F 2-2: Foul Ball, location: 2F 2-2: Ground out 4-3 (Groundball, 4, EV 86.9 MPH)
|
Top of the 9th over - 0 runs, 1 hit, 0 errors, 2 left on base; Syracuse 1 - New Orleans 3 |
|